 Dungeon Sprint DCSS version 0.26-a0-651-gb41185065b (webtiles) character file.

Game seed: 10457625391674277274

12548 HoaS the Warrior (level 12, -9/111 HPs)
             Began as a Formicid Fighter on Oct 10, 2020.
             Was the Champion of Makhleb.
             Mangled by an orc knight
             ... wielding a +3 long sword of electrocution
              (11 damage)
             ... in the Dungeon (Sprint IX: "|||||||||||||||||||||||||||||").
             The game lasted 00:09:22 (1531 turns).

HoaS the Warrior (Formicid Fighter)                 Turns: 1531, Time: 00:09:22

Health: -9/111     AC: 20    Str: 28    XL:     12   Next: 21%
Magic:  12/12      EV: 12    Int:  9    God:    Makhleb [******]
Gold:   1068       SH: 13    Dex: 10    Spells: 11/11 levels left

rFire    . . .     SeeInvis +   l - +4 quarterstaff (spect)
rCold    . . .     Faith    .   c - +0 kite shield
rNeg     . . .     Spirit   .   d - +0 plate armour
rPois    .         Reflect  .   (helmet unavailable)
rElec    .         Harm     .   j - +0 cloak
rCorr    .         Rampage  .   a - +0 pair of gloves
MR       +....                  q - +0 pair of boots
Stlth    ..........             (no amulet)
HPRegen  0.28/turn              b - +3 ring of strength
MPRegen  0.13/turn              (no ring)

@: no status effects
A: permanent stasis, dig shafts and tunnels, four strong arms, antennae 3
a: Dig, Minor Destruction, Lesser Servant of Makhleb, Major Destruction, Greater
Servant of Makhleb, Renounce Religion


You were in the Dungeon.
You worshipped Makhleb.
Makhleb was exalted by your worship.
You visited 1 branch You collected 1068 gold pieces.

Inventory:

Hand Weapons
 l - a +4 spectral quarterstaff (weapon)
Armour
 a - a +0 pair of gloves (worn)
 c - a +0 kite shield (worn)
 d - a +0 plate armour (worn)
 j - a +0 cloak (worn)
 q - a +0 pair of boots (worn)
Jewellery
 b - a +3 ring of strength (left hand)
Wands
 k - a wand of acid (9)
Scrolls
 i - 4 scrolls of remove curse
 m - 2 scrolls of enchant weapon
 n - a scroll of identify
 o - a scroll of fog
 p - a scroll of fear
Potions
 e - 6 potions of curing
 f - a potion of invisibility
 g - a potion of stabbing
 h - a potion of might


   Skills:
 + Level 16.0 Fighting
 + Level 15.7 Staves
 + Level 12.3 Armour
 + Level 11.5 Dodging
 + Level 12.8 Shields


You had 11 spell levels left.
You didn't know any spells.
Your spell library was empty.

Dungeon Overview and Level Annotations

Branches:
Dungeon (1/1)

Altars:
Cheibriados
Dithmenos
Elyvilon
Fedhas
Gozag
Hepliaklqana
Kikubaaqudgha
Makhleb
Nemelex Xobeh
Okawaru
Qazlal
Ru
Sif Muna
Trog
Uskayaw
Vehumet
Wu Jian
Xom
Yredelemnul
Zin
The Shining One
Beogh
Jiyva
Lugonu

Shops:
D (


Innate Abilities, Weirdness & Mutations

You cannot be hasted, slowed, berserked, paralysed or teleported.
You can dig through walls and to a lower floor.
Your four strong arms can wield two-handed weapons with a shield.
You have a pair of large antennae on your head. (SInv)


Message History

The orc warrior shouts!
You hit the orc knight.
The orc knight is severely wounded.
The orc knight hits you with a +3 long sword of electrocution!!!
You are electrocuted!
* * * LOW HITPOINT WARNING * * *
You hit the orc knight but do no damage.
The orc knight is severely wounded.
You hit the orc knight.
The orc knight is severely wounded.
The orc knight hits you with a +3 long sword of electrocution!
* * * LOW HITPOINT WARNING * * *
You are electrocuted!
* * * LOW HITPOINT WARNING * * *
You hit the orc knight.
The orc knight is almost dead.
You closely miss the orc knight.
The orc knight is almost dead.
The orc knight hits you with a +3 long sword of electrocution!
You die...

▓.▓.▓.▓.▓,*,*{*,*,*,*,*,*,
▓[▓)▓.▓.▓∩▓,*{*,*,*,*,*,*,
▓.▓.▓.▓.▓o▓,*{*,*+*,*,*,*,
▓)▓.▓.▓.▓o▓,*{*,*,*,*,*,*,
▓?▓.▓.▓.▓o▓,*{*,*,*,*,*,*,
▓.▓.▓.▓.▓o▓,*+*,*,*,*,*,*,
▓'▓.▓†▓.▓o▓,*,*,*,*,*,*,*,
▓_▓.▓.▓.▓o▓,*,*,*,*,*,*,*,
▓_▓.▓.▓.▓@▓,*,*,*,*,*,*,*,
▓_▓.▓.▓.▓.▓,*,*,*,*,*,*,*,
▓_▓.▓.▓.▓.▓,*,*,*,*,*,*,*,
▓_▓.▓.▓.▓.▓,*,*,*,*,*+*,*,
▓_▓.▓.▓.▓.▓,*,*,*+*,*,*,*,
▓_▓.▓.▓.▓.▓,*,*,*,*,*,*,*,
▓_▓.▓.▓.▓.▓,*,*,*,*,*,*,*,
▓_▓.▓.▓.▓.▓,*,*,*,*,*,*,*,
▓_▓.▓†▓.▓.▓,*,*,*,*,*,*,*,


You could see 3 orc knights and 3 orc warriors.

Vanquished Creatures
  Erolcha (D)
  A hydra (D)
  A catoblepas (D)
  6 death yaks (D)
  3 orc knights (D)
  2 orc sorcerers (D)
  A black mamba (shapeshifter) (D)
  2 cane toads (D)
  A gargoyle (D)
  A hornet (D)
  2 blink frogs (D)
  2 hippogriffs (D)
  A yak (D)
  A water moccasin (D)
  A porcupine (D)
  12 orc warriors (D)
  A sky beast (D)
  A centaur (D)
  5 crocodiles (D)
  5 bullfrogs (D)
  A scorpion (D)
  A hound (D)
  3 orc wizards (D)
  2 orc priests (D)
  A gnoll (D)
  A shadow imp (D)
  2 white imps (D)
  An ufetubus (D)
  An adder zombie (D)
  7 orcs (D)
  A bat (D)
  3 hobgoblins (D)
  A frilled lizard (D)
75 creatures vanquished.

Notes
Turn   | Place    | Note
-------+----------+-------------------------------------------
     0 | D        | HoaS the Formicid Fighter began the quest for the Orb.
     0 | D        | Reached XP level 1. HP: 18/18 MP: 1/1
    20 | D        | Reached XP level 2. HP: 23/24 MP: 2/2
    30 | D        | Noticed a sky beast
    41 | D        | Reached skill level 5 in Staves
    41 | D        | Reached skill level 5 in Shields
    41 | D        | Reached XP level 3. HP: 18/29 MP: 3/3
    43 | D        | HP: 1/29 [white imp/puff of frost (9)]
    52 | D        | Reached XP level 4. HP: 28/35 MP: 4/4
    56 | D        | Killed a sky beast
    56 | D        | Reached XP level 5. HP: 24/41 MP: 5/5
   193 | D        | Found a roughly hewn altar of Beogh.
   193 | D        | Found a snail-covered altar of Cheibriados.
   193 | D        | Found a shadowy altar of Dithmenos.
   193 | D        | Found a white marble altar of Elyvilon.
   193 | D        | Found a blossoming altar of Fedhas.
   193 | D        | Found an opulent altar of Gozag.
   194 | D        | Found a hazy altar of Hepliaklqana.
   195 | D        | Found a viscous altar of Jiyva.
   196 | D        | Found an ancient bone altar of Kikubaaqudgha.
   197 | D        | Found a corrupted altar of Lugonu.
   198 | D        | Found a burning altar of Makhleb.
   199 | D        | Found a sparkling altar of Nemelex Xobeh.
   200 | D        | Found an iron altar of Okawaru.
   201 | D        | Found a stormy altar of Qazlal.
   202 | D        | Found a sacrificial altar of Ru.
   203 | D        | Found a shimmering blue altar of Sif Muna.
   204 | D        | Found a bloodstained altar of Trog.
   205 | D        | Found a hide-covered altar of Uskayaw.
   206 | D        | Became a worshipper of Makhleb the Destroyer
   207 | D        | Found a radiant altar of Vehumet.
   208 | D        | Found an ornate altar of the Wu Jian Council.
   209 | D        | Found a shimmering altar of Xom.
   210 | D        | Found a basalt altar of Yredelemnul.
   211 | D        | Found a glowing silver altar of Zin.
   212 | D        | Found a glowing golden altar of the Shining One.
   261 | D        | Noticed a gargoyle
   261 | D        | Noticed an orc warrior
   261 | D        | Noticed a bullfrog
   265 | D        | Killed a bullfrog
   265 | D        | Reached XP level 6. HP: 47/47 MP: 6/6
   273 | D        | Killed an orc warrior
   277 | D        | Reached * piety under Makhleb
   284 | D        | Killed a gargoyle
   284 | D        | Reached XP level 7. HP: 37/52 MP: 7/7
   287 | D        | Reached ** piety under Makhleb
   293 | D        | Noticed a hornet
   293 | D        | Noticed a black mamba
   307 | D        | Killed a black mamba
   307 | D        | Reached skill level 5 in Fighting
   307 | D        | Reached skill level 5 in Armour
   307 | D        | Reached XP level 8. HP: 52/62 MP: 8/8
   315 | D        | Killed a hornet
   315 | D        | Reached skill level 6 in Fighting
   318 | D        | Reached *** piety under Makhleb
   576 | D        | Noticed Erolcha
   595 | D        | Killed Erolcha
   595 | D        | Reached skill level 8 in Fighting
   595 | D        | Reached XP level 9. HP: 59/75 MP: 9/9
   754 | D        | Noticed a hippogriff
   755 | D        | Noticed a seven-headed hydra
   758 | D        | Reached **** piety under Makhleb
   758 | D        | Reached skill level 9 in Fighting
   773 | D        | Killed a hippogriff
   773 | D        | Reached skill level 10 in Fighting
   790 | D        | Killed a seven-headed hydra
   790 | D        | Reached ***** piety under Makhleb
   790 | D        | Reached skill level 12 in Fighting
   790 | D        | Reached XP level 10. HP: 86/89 MP: 10/10
   830 | D        | Noticed a cane toad
   830 | D        | Noticed a cane toad
   843 | D        | Reached skill level 13 in Fighting
   857 | D        | Killed a cane toad
   857 | D        | Reached skill level 14 in Fighting
   867 | D        | Killed a cane toad
   873 | D        | Reached ****** piety under Makhleb
   893 | D        | Noticed a death yak
   893 | D        | Noticed a catoblepas
   893 | D        | Noticed a death yak
   893 | D        | Noticed a death yak
   893 | D        | Noticed a death yak
   894 | D        | Noticed a death yak
   911 | D        | Killed a death yak
   911 | D        | Reached skill level 10 in Shields
   911 | D        | Reached XP level 11. HP: 97/101 MP: 11/11
   916 | D        | Noticed a death yak
   921 | D        | Killed a death yak
   921 | D        | Reached skill level 10 in Armour
   944 | D        | Killed a death yak
   944 | D        | Reached skill level 10 in Dodging
   976 | D        | Killed a catoblepas
   976 | D        | Reached skill level 15 in Fighting
   994 | D        | Killed a death yak
  1013 | D        | Killed a death yak
  1013 | D        | Reached skill level 15 in Staves
  1023 | D        | Killed a death yak
  1281 | D        | Noticed an orc knight
  1303 | D        | Killed an orc knight
  1333 | D        | Noticed an orc sorcerer
  1345 | D        | Killed an orc sorcerer
  1386 | D        | Noticed an orc sorcerer
  1386 | D        | Noticed an orc knight
  1416 | D        | Killed an orc knight
  1416 | D        | Reached XP level 12. HP: 111/111 MP: 12/12
  1477 | D        | Reached skill level 16 in Fighting
  1516 | D        | Found Ezac's Weapon Boutique.
  1529 | D        | HP: 2/111 [orc knight/+3 long sword of electrocution (12)]
  1531 | D        | Mangled by an orc knight

Illustrated notes

Levels and vault maps discovered:
D:        linesprint [early_d, line_temple, items_1, d_10, items_2, lair_1,
          lair_end, items_3, orc_1, orc_end, items_4, d_15, swamp_1, shoals_1,
          snake_1, spider_1, d_20, vaults_1, items_5, swamp_end, shoals_end,
          snake_end, spider_end, vaults_end, d_27, items_6, zot_1, zot_end,
          crypt_end, forest_end, elf_end, slime_end, tomb_end, abyss_end,
          pan_hell_end]

Skill      XL: |  1  2  3  4  5  6  7  8  9 10 11 12 |
---------------+-------------------------------------+-----
Staves         | 3 5 6 8 9 13 14 15 | 15.7
Shields        | 4 5 6 7 8 9 10 12 | 12.8
Fighting       | 5 8 12 14 15 16 | 16.0
Armour         | 5 9 12 | 12.3
Dodging        | 3 6 9 11 | 11.5

Action                   |  1- 3 |  4- 6 |  7- 9 | 10-12 || total
-------------------------+-------+-------+-------+-------++-------
Melee: Quarterstaff      |    38 |    29 |    69 |   285 ||   421
Evoke: Wand              |       |       |     1 |       ||     1
  Use: Potion            |     1 |     1 |     6 |       ||     8
       Scroll            |       |       |     1 |       ||     1
 Stab: Petrified         |       |       |       |     1 ||     1
Armor: Scale mail        |    18 |     4 |     2 |       ||    24
       Plate armour      |       |       |    28 |    46 ||    74
Dodge: Dodged            |     6 |     4 |    23 |    35 ||    68
Block: Kite shield       |    18 |    16 |    42 |    52 ||   128

Table legend: (Time is in decaauts)
 A = Elapsed time spent in this place.
 B = Non-inter-level travel time spent in this place.
 C = Inter-level travel time spent in this place.
 D = Time resting spent in this place.
 E = Time spent auto-exploring this place.
 F = Levels seen in this place.
 G = Mean time per level.
                   A        B        C        D        E       F      G
               +--------+--------+--------+--------+--------+-----+--------+
         Total |   1385 |   1385 |      0 |    523 |     12 |   1 | 1385.0 |
       Dungeon |   1385 |   1385 |      0 |    523 |     12 |   1 | 1385.0 |
               +--------+--------+--------+--------+--------+-----+--------+

Top non-repeatable levels by time:
       D: 1385 daAuts
